[Event "Festival Groningen-A 2024"]
[Site "Groningen"]
[Date "2024.12.24"]
[Round "4.13"]
[White "De Boer, Eelke"]
[Black "Van Roon, Sjoerd"]
[Result "1/2-1/2"]
[ECO "B31"]
[WhiteElo "2426"]
[BlackElo "2285"]
[Annotator "TA"]
[PlyCount "88"]
[EventDate "2024.12.21"]
[EventType "swiss"]
[EventCountry "NED"]
[SourceTitle "playchess.com"]
[Source "ChessBase"]
[SourceQuality "1"]
[TimeControl "40/5400+30:1800+30"]

1. e4 c5 2. Nf3 Nc6 3. Bb5 g6 4. O-O Bg7 5. Bxc6 dxc6 6. d3 Bg4 7. Nbd2 Nf6 8. h3 Bxf3 9. Nxf3 Nd7 10. Be3 b6 11. Qc1 e5 12. a4 h6 13. Nh2 (13. a5 $16) 13... Nf8 14. f4 (14. a5 $14) 14... exf4 $11 15. Rxf4 Ne6 16. Rf2 a5 17. Qd2 Ra7 18. Raf1 Rd7 ({Black should play} 18... h5 $1 $14) 19. Ng4 $16 h5 20. Nf6+ Bxf6 21. Rxf6 Qc7 {[%emt 0:04:57] [#]} (21... Re7 $16 22. Kh1 Qd7) 22. Qc3 $1 $36 {[%emt 0:02:34][%cal Of6e6][%mdl 2048] Threatening mate with Rxe6+!. White has strong initiative.} Rg8 (22... Rh7 $142 23. Qc4 Re7) 23. Qc4 Qe5 24. Qa6 Qb8 {[%emt 0:01:46] Wards off Qa8} 25. c3 g5 26. Qc4 Qd6 27. d4 cxd4 28. cxd4 g4 $2 (28... h4 $16) 29. h4 g3 30. Rh6 $2 (30. Qa6 $18) 30... Rg4 $16 31. Rh8+ Ke7 32. Rxh5 {[%emt 0:00:07] White is more active.} Rxe4 33. Qd3 {[%emt 0:00:44] The board is on fire.} Rxd4 (33... Rxe3 $16 34. Qxe3 Qxd4 35. Qxd4 Rxd4) 34. Bxd4 (34. Qf5 $18 Kd8 35. Qf6+ Re7 36. Rh8+ Kc7 37. Ra8 (37. Bxd4 Qxd4+ 38. Qxd4 Nxd4 $18)) 34... Qxd4+ 35. Qxd4 Rxd4 {[%emt 0:00:02][%mdl 4096] Endgame KRR-KRN} 36. Rhf5 Rxh4 37. Rxf7+ Kd6 38. b3 $2 ({White should try} 38. Re1 $16 {Threatens to win with Rf6.} Nd4 (38... Rxa4 $2 {loses.} 39. Rf6 $18) 39. Rg7) 38... Re4 (38... Nd4 $1 $15 39. R1f6+ Kc5) 39. Rd1+ Nd4 40. Rf3 Ke7 41. Rfd3 (41. Rxg3 Ne2+ 42. Kh2 Nxg3 43. Kxg3 Re3+ 44. Kh4 Rxb3 45. Re1+ Kd7 $17) 41... c5 42. Kf1 ({But not} 42. Rxg3 Ne2+ 43. Kh2 Nxg3 44. Kxg3 Re3+ 45. Kf4 Rxb3 $17) 42... Rf4+ 43. Ke1 Re4+ 44. Kf1 Rf4+ 1/2-1/2

[Event "Festival Groningen-A 2024"]
[Site "Groningen"]
[Date "2024.12.24"]
[Round "4.14"]
[White "Mostertman, Milan"]
[Black "Stijve, Theo"]
[Result "1/2-1/2"]
[ECO "C03"]
[WhiteElo "2244"]
[BlackElo "2396"]
[Annotator "TA"]
[PlyCount "94"]
[EventDate "2024.12.21"]
[EventType "swiss"]
[EventCountry "NED"]
[SourceTitle "playchess.com"]
[Source "ChessBase"]
[SourceQuality "1"]
[TimeControl "40/5400+30:1800+30"]

1. e4 e6 2. d4 d5 3. Nd2 a5 4. Ngf3 Nf6 5. Bd3 c5 6. exd5 exd5 7. dxc5 $1 Bxc5 8. Nb3 {[%emt 0:02:19] White is slightly better.} Qe7+ 9. Qe2 Qxe2+ 10. Kxe2 Bd6 11. Nbd4 Nc6 12. Nb5 Bb8 13. c3 {[%emt 0:01:42] Repels Nb4} O-O 14. Re1 Bg4 (14... Ng4 {simplifies} 15. h3 Nge5 16. Nxe5 Nxe5 17. Bc2 a4) 15. h3 Re8+ 16. Be3 (16. Kf1 {simplifies} Bxf3 17. Rxe8+ Nxe8 18. gxf3 Nf6 19. Be3) 16... Bh5 17. g4 (17. Kf1 {simplifies} Bxf3 18. gxf3 Ne5 19. Be2) 17... Nxg4 18. hxg4 Bxg4 19. Rg1 (19. Nbd4 {simplifies} Nxd4+ 20. cxd4 h5 21. Rg1) 19... h5 {[%emt 0:02:27] [#]} 20. Rxg4 $1 hxg4 21. Nfd4 Ne5 22. Rg1 {[%emt 0:01:03][%mdl 1024] White has compensation.} g6 {[%emt 0:01:44] Wards off Nf5} 23. Kd2 f5 24. Kc2 $1 Kg7 25. Nxf5+ gxf5 26. Bxf5 Ra6 27. Bd4 {[%emt 0:01:25] This pair of bishops is nice.} Kf7 28. Bxg4 Nxg4 29. Rxg4 Re2+ 30. Kb3 Rg6 (30... Be5 $5 ) 31. Rh4 {[%emt 0:01:04] The position is equal.} Be5 32. Bxe5 Rb6 33. Ka4 Rxe5 34. Kxa5 $11 {[%emt 0:00:14][%mdl 4096] Endgame. KRR-KRN} Ra6+ 35. Kb4 Re4+ 36. Rxe4 dxe4 {[%emt 0:00:07] KR-KN} 37. Kc4 Rxa2 {[%emt 0:01:22][%cal Of7e6] Threatening ...Ke6!} 38. Nd6+ Ke6 39. Kb3 Rxb2+ 40. Kxb2 Kxd6 {[%emt 0:00:06] KPP-KPP} 41. c4 Kc5 42. Kc3 b6 43. Kb3 Kd4 44. Kb4 Kd3 45. c5 e3 46. fxe3 bxc5+ 47. Kxc5 Kxe3 {[%emt 0:00:07] Weighted Error Value: White=0.06 (flawless) /Black=0.05 (flawless) .  Inaccurate:     	White=2     	Black=1      OK:         	White=15    	Black=19     Best:        	White=6     	Black=1      Strong:       	White=2     	---} 1/2-1/2

[Event "Festival Groningen-A 2024"]
[Site "Groningen"]
[Date "2024.12.24"]
[Round "4.15"]
[White "Wempe, Joost"]
[Black "Smeets, Kobe"]
[Result "0-1"]
[ECO "D11"]
[WhiteElo "2233"]
[BlackElo "2349"]
[Annotator "TA"]
[PlyCount "94"]
[EventDate "2024.12.21"]
[EventType "swiss"]
[EventCountry "NED"]
[SourceTitle "playchess.com"]
[Source "ChessBase"]
[SourceQuality "1"]
[TimeControl "40/5400+30:1800+30"]

1. d4 d5 2. Nf3 Nf6 3. g3 c6 4. Bg2 h6 5. c4 Bf5 6. Nc3 e6 7. Qb3 Qb6 8. c5 Qxb3 9. axb3 Be7 10. b4 O-O 11. h3 a6 12. g4 Bh7 13. Bf4 Nbd7 14. Nd2 Rfe8 15. Nb3 Bd8 {[%emt 0:05:56] [#]} 16. b5 $1 cxb5 (16... Bc2 17. bxc6) 17. Nxb5 {[%emt 0:00:57] Black must now prevent Nd6.} Bc2 18. Nc1 Nb8 19. Kd2 Be4 20. f3 Bh7 21. Nb3 Nc6 22. Nc7 Bxc7 23. Bxc7 Nd7 24. e4 dxe4 25. fxe4 Rac8 26. Bd6 e5 $1 27. d5 Nd4 28. Ra3 Nb5 (28... Nf6 $5 29. Re1 (29. Nxd4 exd4 30. e5 Ne4+ 31. Bxe4 Bxe4 $11) 29... Nb5 $16) 29. Ra4 (29. Rc1 $1 $14) 29... Nxd6 30. cxd6 Nb6 31. Rb4 Nc4+ 32. Ke2 (32. Rxc4 $1 $11 {was the only way to keep the balance.} Rxc4 33. Kd3) 32... Nxd6 $17 33. Kd3 b5 34. Na5 {[%emt 0:00:12] [#] Against Rc4} Rc5 $1 $36 {[%emt 0:00:09][%mdl 2048] Black is really pushing. Black is more active.} 35. Kd2 (35. Ke3 {was necessary.}) 35... Rec8 $19 {[%emt 0:01:25] Threatens to win with ...Rc2+.} 36. Nc6 {[%emt 0:00:40] [#]} Bxe4 $1 37. Bxe4 (37. Ne7+ Kf8) 37... Nxe4+ 38. Ke3 Nf6 (38... Rxd5 $2 {loses.} 39. Ne7+ (39. Kxe4 Rd7 $14) 39... Kf8 40. Kxe4 (40. Nxc8 Nc5 $18) (40. Nxd5 Nd6 $18) 40... Kxe7 41. Kxd5 $18) 39. Ne7+ Kf8 40. Nxc8 Nxd5+ ({Less strong is} 40... Rxc8 41. Rb3 $15 (41. Rd1 Rc5 $17)) 41. Ke4 Nxb4 {[%emt 0:30:07][%mdl 4096] Endgame KRN-KRN. Black is 3 pawns up.} 42. Nb6 Ke7 {[%emt 0:01:22] Dodges Nd7} 43. Rd1 Ke6 44. Rd8 Nc6 45. Re8+ Ne7 46. Ra8 Rc6 47. Rxa6 g6 0-1

[Event "Festival Groningen-A 2024"]
[Site "Groningen"]
[Date "2024.12.24"]
[Round "4.16"]
[White "Vijayakumar, Rishi"]
[Black "Kollen, Zyon"]
[Result "1/2-1/2"]
[ECO "D45"]
[WhiteElo "2204"]
[BlackElo "2344"]
[Annotator "TA"]
[PlyCount "43"]
[EventDate "2024.12.21"]
[EventType "swiss"]
[EventCountry "NED"]
[SourceTitle "playchess.com"]
[Source "ChessBase"]
[SourceQuality "1"]
[TimeControl "40/5400+30:1800+30"]

1. d4 e6 2. Nf3 d5 3. c4 c6 4. e3 Nf6 5. Nc3 Nbd7 6. Qc2 Bd6 7. g4 Nxg4 8. Rg1 Nxh2 9. Nxh2 Bxh2 10. Rxg7 Nf8 11. Rg2 Bd6 $1 12. e4 dxe4 13. Nxe4 Ng6 {[%emt 0:02:20] ...Nh4 is the strong threat.} 14. Bd2 Nh4 15. Nxd6+ Qxd6 16. Rg3 {[%emt 0:00:16] Dodges Nf3+} Nf5 17. Rg4 $1 {[%emt 0:07:26][%mdl 1024] White has compensation.} h5 {[%emt 0:08:41] [#]} (17... Nxd4 18. Rxd4 Qxd4 19. Bc3 $18) 18. Re4 $1 Rg8 (18... Nxd4 $2 {is the wrong capture.} 19. Rxd4 Qxd4 20. Bc3 $18) 19. Bf4 Qb4+ $1 (19... Nxd4 $2 20. Qc3 $18) 20. Bd2 Qd6 21. Bf4 (21. O-O-O $16) 21... Qb4+ $1 $11 ({Wrong is} 21... Nxd4 $2 22. Qc3 $18) 22. Bd2 1/2-1/2

[Event "Festival Groningen-A 2024"]
[Site "Groningen"]
[Date "2024.12.24"]
[Round "4.17"]
[White "Koster, Ramon"]
[Black "Grooten, Herman"]
[Result "1-0"]
[ECO "E42"]
[WhiteElo "2330"]
[BlackElo "2183"]
[Annotator "RC"]
[PlyCount "77"]
[EventDate "2024.12.21"]
[EventType "swiss"]
[EventCountry "NED"]
[SourceTitle "playchess.com"]
[Source "ChessBase"]
[SourceQuality "1"]
[TimeControl "40/5400+30:1800+30"]

1. d4 Nf6 2. c4 e6 3. Nc3 Bb4 4. e3 c5 5. Nge2 b6 6. a3 Ba5 7. Rb1 Na6 8. g3 Bb7 9. d5 b5 10. b3 Ne4 11. Bd2 exd5 12. Bg2 Bxc3 13. Nxc3 Nc7 14. Nxe4 dxe4 15. Ba5 Qb8 16. b4 Ne6 17. O-O a6 18. bxc5 Nxc5 19. cxb5 Qe5 20. b6 O-O 21. Bb4 d6 22. Qd4 Qe7 23. Rfd1 Rfd8 24. Bxc5 dxc5 25. Qc4 Qe5 26. a4 a5 27. Qb5 Rd6 28. Rxd6 Qxd6 29. Rc1 Rc8 30. Qxa5 c4 31. Bf1 Ra8 32. Qb5 Ba6 33. Qb1 Qc6 34. Qb4 g6 35. Bxc4 Kg7 36. Qb2+ Qf6 37. Qxf6+ Kxf6 38. Bxa6 Rxa6 39. b7 1-0

[Event "Festival Groningen-A 2024"]
[Site "Groningen"]
[Date "2024.12.24"]
[Round "4.18"]
[White "Keuning, Selwin"]
[Black "Ratsma, Midas"]
[Result "1-0"]
[ECO "C54"]
[WhiteElo "2180"]
[BlackElo "2326"]
[Annotator "RC"]
[PlyCount "89"]
[EventDate "2024.12.21"]
[EventType "swiss"]
[EventCountry "NED"]
[SourceTitle "playchess.com"]
[Source "ChessBase"]
[SourceQuality "1"]
[TimeControl "40/5400+30:1800+30"]

1. e4 e5 2. Nf3 Nc6 3. Bc4 Nf6 4. d3 Bc5 5. c3 O-O 6. O-O d5 7. exd5 Nxd5 8. Re1 Bg4 9. Nbd2 Nb6 10. h3 Bh5 11. b4 Be7 12. Qe2 a6 13. Bb3 Kh8 14. Ne4 f5 15. Ng3 Bxf3 16. Qxf3 Qd7 17. Bb2 Rae8 18. Rad1 Bd6 19. a3 e4 20. dxe4 Ne5 21. Qe2 f4 22. Nf5 f3 23. Qf1 fxg2 24. Qxg2 Nbc4 25. Bc1 Re6 26. Re3 b5 27. Rg3 Rf7 28. h4 Ref6 29. Bc2 Ng6 30. Bg5 Re6 31. h5 Nf8 32. Bc1 g6 33. hxg6 hxg6 34. Nxd6 Rxd6 35. Qh3+ Qxh3 36. Rxh3+ Kg8 37. Rxd6 cxd6 38. Bb3 Ne6 39. Rd3 Nf4 40. Bxf4 Rxf4 41. Bxc4+ bxc4 42. Rxd6 Rxe4 43. Kf1 Rh4 44. Rxa6 Kf7 45. Rc6 1-0

[Event "Festival Groningen-A 2024"]
[Site "Groningen"]
[Date "2024.12.24"]
[Round "4.19"]
[White "Dolzhykova, Kateryna"]
[Black "Hummel, Paul"]
[Result "1-0"]
[ECO "B15"]
[WhiteElo "2322"]
[BlackElo "2160"]
[Annotator "RC"]
[PlyCount "47"]
[EventDate "2024.12.21"]
[EventType "swiss"]
[EventCountry "NED"]
[SourceTitle "playchess.com"]
[Source "ChessBase"]
[SourceQuality "1"]
[TimeControl "40/5400+30:1800+30"]

1. e4 c6 2. d4 d5 3. Nd2 dxe4 4. Nxe4 Nf6 5. Nxf6+ exf6 6. c3 Bd6 7. Bd3 O-O 8. Qc2 h5 9. Be3 Re8 10. O-O-O Be6 11. Kb1 Nd7 12. Nf3 b5 13. h3 Nb6 14. g4 Bd5 15. Nh4 Bxh1 16. Rxh1 g5 17. gxh5 Rxe3 18. fxe3 gxh4 19. Qg2+ Bg3 20. Qe4 Qd5 21. Qh7+ Kf8 22. Rf1 Qg5 23. Bg6 Qd5 24. Rxf6 1-0

[Event "Festival Groningen-A 2024"]
[Site "Groningen"]
[Date "2024.12.24"]
[Round "4.20"]
[White "Nicolai, Amir"]
[Black "Ivanov, Dmytry"]
[Result "1-0"]
[ECO "B22"]
[WhiteElo "2156"]
[BlackElo "2072"]
[Annotator "RC"]
[PlyCount "57"]
[EventDate "2024.12.21"]
[EventType "swiss"]
[EventCountry "NED"]
[SourceTitle "playchess.com"]
[Source "ChessBase"]
[SourceQuality "1"]
[TimeControl "40/5400+30:1800+30"]

1. e4 c5 2. c3 g6 3. d4 Qc7 4. Nf3 d6 5. h3 Bg7 6. Be3 Nf6 7. Nbd2 O-O 8. Bd3 a6 9. O-O b5 10. Nh2 Bb7 11. f4 e6 12. Qe1 cxd4 13. cxd4 d5 14. e5 Ne4 15. Rc1 Qa5 16. Nxe4 Qxe1 17. Rfxe1 dxe4 18. Bb1 Rd8 19. Bf2 e3 20. Rxe3 Nd7 21. Rc7 Bd5 22. Bh4 g5 23. fxg5 Nb6 24. g6 hxg6 25. Bxd8 Rxd8 26. Ng4 Bf8 27. Nf6+ Kg7 28. Rg3 Bd6 29. Rxg6+ 1-0

[Event "Festival Groningen-A 2024"]
[Site "Groningen"]
[Date "2024.12.24"]
[Round "4.21"]
[White "Schoorl, Rob"]
[Black "Ponnio, Toni"]
[Result "1/2-1/2"]
[ECO "A14"]
[WhiteElo "2295"]
[BlackElo "2111"]
[Annotator "RC"]
[PlyCount "101"]
[EventDate "2024.12.21"]
[EventType "swiss"]
[EventCountry "NED"]
[SourceTitle "playchess.com"]
[Source "ChessBase"]
[SourceQuality "1"]
[TimeControl "40/5400+30:1800+30"]

1. c4 e6 2. g3 Nf6 3. Bg2 d5 4. Nf3 Be7 5. O-O O-O 6. b3 c5 7. cxd5 Nxd5 8. Bb2 Nc6 9. d4 cxd4 10. Nxd4 Nxd4 11. Bxd4 Bf6 12. Bxf6 Qxf6 13. Na3 Rd8 14. Qe1 e5 15. Rd1 Be6 16. Rd2 Qe7 17. Nc4 f6 18. Qd1 Nc3 19. Qc2 Rxd2 20. Qxd2 Nb5 21. Rd1 Bxc4 22. bxc4 Nd4 23. e3 Nc6 24. Bd5+ Kh8 25. Bxc6 bxc6 26. Qd7 Qxd7 27. Rxd7 h6 28. Rc7 Rb8 29. Rxc6 Rb4 30. Ra6 Rxc4 31. Rxa7 Kh7 32. a4 Kg6 33. a5 Ra4 34. Kg2 Ra2 35. g4 h5 36. h3 hxg4 37. hxg4 Ra4 38. Kg3 Kh6 39. a6 Kg6 40. Ra8 Kh6 41. a7 Kg6 42. f3 Kh7 43. g5 f5 44. e4 fxe4 45. fxe4 Kg6 46. Re8 Rxa7 47. Rxe5 Ra1 48. Rb5 Rg1+ 49. Kf4 Rf1+ 50. Kg4 Rg1+ 51. Kf4 1/2-1/2

[Event "Festival Groningen-A 2024"]
[Site "Groningen"]
[Date "2024.12.24"]
[Round "4.22"]
[White "Van Rootselaar, Rik"]
[Black "Schilstra, Laurens"]
[Result "1-0"]
[ECO "A52"]
[WhiteElo "2265"]
[BlackElo "2150"]
[Annotator "RC"]
[PlyCount "87"]
[EventDate "2024.12.21"]
[EventType "swiss"]
[EventCountry "NED"]
[SourceTitle "playchess.com"]
[Source "ChessBase"]
[SourceQuality "1"]
[TimeControl "40/5400+30:1800+30"]

1. d4 Nf6 2. c4 e5 3. dxe5 Ng4 4. e3 Nxe5 5. f4 Nec6 6. Nc3 Bc5 7. Bd3 d6 8. Nf3 Nd7 9. O-O Nf6 10. Kh1 Bg4 11. a3 a5 12. Qe1 Qd7 13. Bd2 O-O 14. Qh4 Ne7 15. Nd5 Nexd5 16. cxd5 Bf5 17. Bc4 Rfe8 18. Bc3 Ng4 19. Nd4 Nxe3 20. Bb5 Qe7 21. Qg3 Be4 22. Rfe1 Nxg2 23. Nf3 f5 24. Kxg2 Rf8 25. Bd3 Rae8 26. Bxe4 fxe4 27. Rxe4 Qf7 28. Rae1 Rxe4 29. Rxe4 g6 30. Re6 Qf5 31. Re7 Qc2+ 32. Nd2 Bd4 33. Bxd4 Qxd2+ 34. Qf2 Qxf2+ 35. Bxf2 Rxf4 36. Rxc7 Rf5 37. Rxb7 Rxd5 38. a4 h5 39. Rb5 Rd2 40. Rxa5 Rxb2 41. Ra8+ Kf7 42. a5 h4 43. a6 h3+ 44. Kg3 1-0

[Event "Festival Groningen-A 2024"]
[Site "Groningen"]
[Date "2024.12.24"]
[Round "4.23"]
[White "Ten Dam, Bram"]
[Black "Bakija, Alan"]
[Result "1/2-1/2"]
[ECO "C55"]
[WhiteElo "2002"]
[BlackElo "2233"]
[Annotator "RC"]
[PlyCount "48"]
[EventDate "2024.12.21"]
[EventType "swiss"]
[EventCountry "NED"]
[SourceTitle "playchess.com"]
[Source "ChessBase"]
[SourceQuality "1"]
[TimeControl "40/5400+30:1800+30"]

1. e4 e5 2. Nf3 Nc6 3. Bc4 Nf6 4. d3 Be7 5. O-O O-O 6. c3 d5 7. exd5 Nxd5 8. h3 Bf5 9. Re1 Bg6 10. Bb3 Bf6 11. Bc2 Nb6 12. a4 a5 13. Be3 Nd5 14. Nbd2 Qd7 15. Ne4 Be7 16. Bc5 Rad8 17. Bxe7 Qxe7 18. Qe2 Rfe8 19. Rad1 Nf4 20. Qe3 Ne6 21. Nfg5 Nxg5 22. Nxg5 h6 23. Nf3 Qf6 24. Nd2 b6 1/2-1/2

[Event "Festival Groningen-A 2024"]
[Site "Groningen"]
[Date "2024.12.24"]
[Round "4.24"]
[White "Zecha, Oscar"]
[Black "Sharma, Dinesh K."]
[Result "1/2-1/2"]
[ECO "C02"]
[WhiteElo "2134"]
[BlackElo "2200"]
[Annotator "RC"]
[PlyCount "42"]
[EventDate "2024.12.21"]
[EventType "swiss"]
[EventCountry "NED"]
[SourceTitle "playchess.com"]
[Source "ChessBase"]
[SourceQuality "1"]
[TimeControl "40/5400+30:1800+30"]

1. e4 e6 2. d4 d5 3. e5 c5 4. c3 Nc6 5. Nf3 Qb6 6. Bd3 cxd4 7. O-O Bd7 8. Re1 Nge7 9. a3 Ng6 10. h4 Rc8 11. h5 Nge7 12. b4 a6 13. Bb2 Na5 14. cxd4 Nc4 15. Qb3 Nf5 16. Rc1 Nxb2 17. Rxc8+ Bxc8 18. Qxb2 Be7 19. Bxf5 exf5 20. Nc3 Be6 21. Rb1 O-O 1/2-1/2

[Event "Festival Groningen-A 2024"]
[Site "Groningen"]
[Date "2024.12.24"]
[Round "4.25"]
[White "Ritzerveld, Noah"]
[Black "Kazarjan, Gachatur"]
[Result "1/2-1/2"]
[ECO "B66"]
[WhiteElo "2182"]
[BlackElo "2067"]
[Annotator "RC"]
[PlyCount "161"]
[EventDate "2024.12.21"]
[EventType "swiss"]
[EventCountry "NED"]
[SourceTitle "playchess.com"]
[Source "ChessBase"]
[SourceQuality "1"]
[TimeControl "40/5400+30:1800+30"]

1. e4 c5 2. Nf3 d6 3. d4 cxd4 4. Nxd4 Nf6 5. Nc3 Nc6 6. Bg5 e6 7. Qd2 a6 8. O-O-O Be7 9. Bxf6 gxf6 10. f4 Bd7 11. f5 b5 12. fxe6 fxe6 13. g3 Qb6 14. Nce2 O-O-O 15. Bh3 f5 16. exf5 e5 17. Nxc6 Qxc6 18. Nc3 Rhe8 19. Nd5 Bf8 20. Nf6 d5 21. Qc3 d4 22. Qxc6+ Bxc6 23. Nxe8 Bh6+ 24. Kb1 Bxh1 25. Rxh1 Rxe8 26. Re1 Kc7 27. Bg2 Be3 28. Be4 Kd6 29. c3 Rg8 30. Kc2 Ke7 31. Kd3 h5 32. Rf1 Kf6 33. cxd4 exd4 34. Bd5 Rg5 35. b4 Rg7 36. a4 Rc7 37. axb5 axb5 38. Ke4 Bd2 39. Kxd4 Bxb4 40. Ke4 Bc3 41. Rf3 b4 42. Rd3 Be5 43. Be6 h4 44. gxh4 Bxh2 45. Rd2 Bg1 46. Rd6 Rc3 47. Rd7 Re3+ 48. Kf4 Rxe6 49. fxe6 Kxe6 50. Rd1 Bh2+ 51. Ke4 Be5 52. Rf1 b3 53. Kd3 Bf6 54. h5 Kf7 55. Rg1 Bg7 56. Rg6 Bf6 57. Rg4 Bg7 58. Rb4 b2 59. Rb6 Kg8 60. Ke4 Kh7 61. Kf5 Bd4 62. Rb5 Kh6 63. Kg4 Kh7 64. Kg5 Be3+ 65. Kf5 Bd4 66. Rb7+ Kh6 67. Kg4 Bf6 68. Rb6 Kh7 69. Rb5 Bd4 70. Kf5 Kh6 71. Ke4 Bf6 72. Kd3 Be5 73. Kc2 Bg7 74. Rd5 Bc3 75. Rd1 Be5 76. Rh1 Bd4 77. Kd3 Bf6 78. Rb1 Kxh5 79. Ke4 Kg4 80. Rg1+ Kh3 81. Kf3 1/2-1/2

[Event "Festival Groningen-A 2024"]
[Site "Groningen"]
[Date "2024.12.24"]
[Round "4.26"]
[White "Noordenbos, Daan"]
[Black "De Boer, Bas"]
[Result "1-0"]
[ECO "B61"]
[WhiteElo "2130"]
[BlackElo "2157"]
[Annotator "RC"]
[PlyCount "97"]
[EventDate "2024.12.21"]
[EventType "swiss"]
[EventCountry "NED"]
[SourceTitle "playchess.com"]
[Source "ChessBase"]
[SourceQuality "1"]
[TimeControl "40/5400+30:1800+30"]

1. e4 c5 2. Nf3 d6 3. d4 cxd4 4. Nxd4 Nf6 5. Nc3 Nc6 6. Bg5 Bd7 7. Qd2 Rc8 8. f4 Nxd4 9. Qxd4 Qa5 10. Bxf6 gxf6 11. Be2 Qc5 12. O-O-O Qxd4 13. Rxd4 f5 14. Rhd1 Bg7 15. e5 Bc6 16. Nb5 O-O 17. Nxa7 Ra8 18. Nxc6 bxc6 19. a4 dxe5 20. fxe5 Bxe5 21. Rc4 c5 22. Bf3 Ra6 23. h3 Rb8 24. b3 Bd6 25. Be2 Ra7 26. Rd5 f4 27. Bd3 h6 28. Kd1 Kg7 29. Ke2 Rb6 30. Kf3 e6 31. Rdxc5 Bxc5 32. Rxc5 Rb4 33. Bc4 Rb6 34. Kxf4 Kf6 35. a5 Rd6 36. Bd3 Rd4+ 37. Ke3 Rd6 38. Rh5 Kg7 39. Rc5 f5 40. g4 fxg4 41. hxg4 Rd5 42. Rxd5 exd5 43. a6 Kf6 44. b4 Ke5 45. b5 Kd6 46. b6 Re7+ 47. Kd4 Kc6 48. a7 Re8 49. Bb5+ 1-0

[Event "Festival Groningen-A 2024"]
[Site "Groningen"]
[Date "2024.12.24"]
[Round "4.27"]
[White "Duijker, Rick"]
[Black "Groenewoud, Joel"]
[Result "1/2-1/2"]
[ECO "D00"]
[WhiteElo "2146"]
[BlackElo "2058"]
[Annotator "RC"]
[PlyCount "122"]
[EventDate "2024.12.21"]
[EventType "swiss"]
[EventCountry "NED"]
[SourceTitle "playchess.com"]
[Source "ChessBase"]
[SourceQuality "1"]
[TimeControl "40/5400+30:1800+30"]

1. d4 Nf6 2. Bg5 d5 3. e3 c5 4. Bxf6 gxf6 5. c4 dxc4 6. Bxc4 cxd4 7. exd4 Nc6 8. Nf3 Bg4 9. d5 Qa5+ 10. Nc3 O-O-O 11. Be2 Nb4 12. O-O Nxd5 13. Nxd5 Rxd5 14. Qc1+ Qc7 15. Qe3 Kb8 16. Rac1 Qd7 17. Qf4+ Rd6 18. Rfd1 e5 19. Nxe5 fxe5 20. Qxe5 f6 21. Bxg4 fxe5 22. Bxd7 Rxd1+ 23. Rxd1 Kc7 24. Bf5 Bd6 25. Rc1+ Kb6 26. Rc3 a5 27. Be4 a4 28. g3 h6 29. Rf3 Rf8 30. Rxf8 Bxf8 31. Kg2 a3 32. bxa3 Bxa3 33. Kh3 Kc7 34. Kg4 Bc5 35. Kh5 Bf8 36. h4 b6 37. g4 Kd7 38. g5 hxg5 39. hxg5 Ke6 40. f3 Bc5 41. Kg6 Be3 42. Bc2 Ke7 43. Bb3 Kf8 44. Bd5 Bd2 45. Kf6 Bc3 46. Be4 Bd2 47. g6 Bh6 48. Bd5 Bg7+ 49. Ke6 Bh6 50. Kxe5 Bg7+ 51. Ke6 Bc3 52. f4 Kg7 53. Be4 Bb2 54. a4 Bc3 55. Kd5 Bb2 56. Bd3 Ba1 57. Kd6 Bb2 58. Kc6 Bd4 59. Kb5 Be3 60. Kc6 Bd4 61. Kb5 Be3 1/2-1/2

[Event "Festival Groningen-A 2024"]
[Site "Groningen"]
[Date "2024.12.24"]
[Round "4.28"]
[White "Mareau, Timothe"]
[Black "Mohammed, Dilshad"]
[Result "1-0"]
[ECO "B13"]
[WhiteElo "2168"]
[BlackElo "2078"]
[Annotator "RC"]
[PlyCount "100"]
[EventDate "2024.12.21"]
[EventType "swiss"]
[EventCountry "NED"]
[SourceTitle "playchess.com"]
[Source "ChessBase"]
[SourceQuality "1"]
[TimeControl "40/5400+30:1800+30"]

1. e4 c6 2. d4 d5 3. exd5 cxd5 4. Bd3 Nc6 5. c3 Nf6 6. Bf4 e6 7. Nf3 Bd6 8. Bxd6 Qxd6 9. O-O Ne4 10. Re1 f5 11. Bb5 O-O 12. Bxc6 bxc6 13. Ne5 c5 14. f3 Nf6 15. Nd2 Rb8 16. Re2 Ba6 17. Rf2 cxd4 18. cxd4 Rxb2 19. Ndc4 dxc4 20. Rxb2 c3 21. Rf2 Rd8 22. Qb3 Nd5 23. Re1 Rc8 24. f4 Nf6 25. Nf3 Ne4 26. Ng5 Nxf2 27. Rxe6 Bc4 28. Re8+ Qf8 29. Rxf8+ Kxf8 30. Qa3+ Kg8 31. Kxf2 c2 32. Qc1 Bxa2 33. Nf3 a5 34. Ne1 a4 35. Nd3 Rc4 36. Ke3 Bb3 37. Qb2 h6 38. Kd2 Kh7 39. Kc1 h5 40. Nc5 Rb4 41. g3 Rb5 42. Qa3 h4 43. Nxa4 h3 44. Nc5 Bd5 45. Kxc2 Rb8 46. Qa7 Rb4 47. Qd7 Rxd4 48. Qxf5+ Kg8 49. Qxh3 Rc4+ 50. Kd3 Rxc5 1-0

[Event "Festival Groningen-A 2024"]
[Site "Groningen"]
[Date "2024.12.24"]
[Round "4.29"]
[White "Duson, Robin"]
[Black "Spit, Vincent"]
[Result "1/2-1/2"]
[ECO "D87"]
[WhiteElo "2159"]
[BlackElo "2113"]
[Annotator "RC"]
[PlyCount "137"]
[EventDate "2024.12.21"]
[EventType "swiss"]
[EventCountry "NED"]
[SourceTitle "playchess.com"]
[Source "ChessBase"]
[SourceQuality "1"]
[TimeControl "40/5400+30:1800+30"]

1. d4 Nf6 2. c4 g6 3. Nc3 d5 4. cxd5 Nxd5 5. e4 Nxc3 6. bxc3 Bg7 7. Bc4 c5 8. Ne2 O-O 9. Be3 Nc6 10. O-O b6 11. Qd2 Bb7 12. Rac1 e6 13. Rfd1 Qd7 14. h4 Rac8 15. h5 cxd4 16. cxd4 Na5 17. Bd3 Rxc1 18. Rxc1 Rc8 19. h6 Bh8 20. Rxc8+ Qxc8 21. Qb4 Bf6 22. e5 Nc6 23. Qd2 Be7 24. Bg5 Qd8 25. Bxe7 Qxe7 26. Be4 Qd7 27. Qe3 Nb4 28. Bxb7 Qxb7 29. Qg5 Qb8 30. Nc3 Qf8 31. g4 a6 32. a4 Nd5 33. Nxd5 exd5 34. Qc1 b5 35. axb5 axb5 36. g5 b4 37. Qc6 Qd8 38. Kf1 b3 39. Qb7 Kf8 40. Qb4+ Ke8 41. Qxb3 Qxg5 42. Qxd5 Qxh6 43. Qc6+ Ke7 44. Qf6+ Ke8 45. Kg2 Qd2 46. e6 fxe6 47. Qxe6+ Kf8 48. d5 Qg5+ 49. Kf3 Qe7 50. Qc6 Qf7+ 51. Kg3 h5 52. d6 h4+ 53. Kg2 h3+ 54. Kxh3 Qxf2 55. Qc8+ Kf7 56. Qd7+ Kf8 57. Qe7+ Kg8 58. Kg4 Qf5+ 59. Kg3 Qd3+ 60. Kf4 Qf5+ 61. Ke3 Qc5+ 62. Ke4 Qf5+ 63. Kd4 Qf2+ 64. Kd5 Qa2+ 65. Kc6 Qa6+ 66. Kd7 Qb7+ 67. Ke6 Qe4+ 68. Kd7 Qb7+ 69. Ke6 1/2-1/2